 Dungeon Crawl Stone Soup version 0.32-a0-779-g362cfcae2a (webtiles) character file.

Game seed: 8936051136906779225

26 soggyman666 the Trooper (level 3, -3/24 HPs)
             Began as a Gargoyle Monk on Mar 20, 2024.
             Slain by a gnoll
             ... wielding a +0 halberd
              (6 damage)
             ... on level 2 of the Dungeon.
             The game lasted 00:02:18 (781 turns).

soggyman666 the Trooper (Gargoyle Monk)              Turns: 781, Time: 00:02:18

Health: -3/24      AC: 11    Str: 16    XL:     3   Next: 8%
Magic:  3/3        EV:  6    Int: 10    God:
Gold:   36         SH:  0    Dex: 12    Spells: 2/2 levels left

rFire   . . .        a - +0 hand axe
rCold   . . .        d - orb {light}
rNeg    + . .        f - +0 chain mail
rPois   ∞            (no helmet)
rElec   +            (no cloak)
rCorr   .            (no gloves)
SInv    .            (no boots)
Will    .....        (no amulet) Stlth
                     (no ring)
HPRegen 0.24/turn    (no ring)
MPRegen 0.08/turn

%: no passive effects
@: glowing
A: sickness immunity, AC +3, negative energy resistance 1, electricity
resistance, torment resistance 1, petrification resistance
a: no special abilities


You were on level 2 of the Dungeon.
You visited 1 branch of the dungeon, and saw 2 of its levels.

You collected 36 gold pieces.

Inventory:

Hand Weapons
 a - a +0 hand axe (weapon)
Armour
 d - an orb of light (worn)
 f - a +0 chain mail (worn)
Scrolls
 b - a scroll of identify {unknown}
Potions
 c - a potion of ambrosia
 e - a potion of haste {unknown}


   Skills:
 + Level 3.8 Fighting
 + Level 3.1 Axes
 * Level 0.3 Armour
 + Level 2.6 Dodging


You had 2 spell levels left.
You didn't know any spells.
Your spell library contained the following spells:

 Spells                   Type           Power      Damage    Failure   Level
 Volatile Blastmotes      Fire/Tloc      0%         2d10      100%        3
 Fulminant Prism          Conj/Alch      0%         3d5       100%        4
 Iskenderun's Mystic Bla  Conj/Tloc      0%         2d3       100%        4


Dungeon Overview and Level Annotations

Branches:
Dungeon (2/15)

Altars:


Innate Abilities, Weirdness & Mutations

You are immune to sickness and miasma.
Your stone body is resilient. (AC +3)
You are immune to poison.
You resist negative energy. (rN+)
You are resistant to electric shocks. (rElec)
You are resistant to unholy torment.
You are immune to petrification.


Message History

The adder bites you but does no damage.
A gnoll comes into view. It is wielding a +0 halberd.
An endoplasm comes into view.
The adder bites you.
A gnoll comes into view. It is wielding a +0 club.
The endoplasm quivers.
You hit the adder.
The adder is heavily wounded.
The adder closely misses you. The gnoll hits you but does no damage.
Unknown command.
You hit the adder.
The adder is severely wounded.
The adder bites you but does no damage. The gnoll barely misses you.
The adder bites you but does no damage.
You hit the adder but do no damage.
The adder is severely wounded.
You hit the gnoll. The adder bites you but does no damage.
The gnoll barely misses you. The gnoll hits you but does no damage.
You closely miss the adder.
The adder is severely wounded.
You barely miss the gnoll. The adder bites you but does no damage.
The gnoll barely misses you. x2; The adder bites you but does no damage.
You hit the adder.
You kill the adder!
You hit the gnoll but do no damage. The gnoll closely misses you.
The gnoll hits you from afar with a +0 halberd!
The gnoll hits you but does no damage. The quokka bites you.
You have reached level 3!
Your experience leads to an increase in your attributes!
Increase (S)trength, (I)ntelligence, or (D)exterity?
You feel stronger. x2
The gnoll attacks as it pursues you! The gnoll hits you but does no damage.
The gnoll attacks as it pursues you! The gnoll hits you but does no damage.
The gnoll attacks as it pursues you!
The gnoll hits you from afar with a +0 halberd!
* * * LOW HITPOINT WARNING * * *
The gnoll attacks as it pursues you! The gnoll barely misses you.
The gnoll attacks as it pursues you!
The gnoll hits you from afar with a +0 halberd.
You die...

#............#####
#............<...#
#.....†.....####.#
########.>.......##
#.......#...#...##
#.......#########
#.......# #.......#
#..>...@# #......g#
#......g####
#..........##
######...J..####.
####.g......
#g##....#
.......†..###..
......g...# .


You could see 3 gnolls.

Vanquished Creatures
  An adder (D:2)
  A dart slug (D:1)
  A bat (D:1)
  An endoplasm (D:1)
  3 goblins (D:1)
  3 hobgoblins
  A kobold (D:1)
  A frilled lizard (D:1)
  2 rats (D:1)
14 creatures vanquished.

Notes
Turn   | Place    | Note
-------+----------+-------------------------------------------
     0 | D:1      | soggyman666 the Gargoyle Monk began the quest for the Orb.
     0 | D:1      | Reached XP level 1. HP: 14/14 MP: 1/1
   284 | D:1      | Reached XP level 2. HP: 19/19 MP: 2/2
   776 | D:2      | Reached XP level 3. HP: 9/24 MP: 3/3
   781 | D:2      | Slain by a gnoll

Illustrated notes

Levels and vault maps discovered:
D:1:      minmay_arrival_split_and_join, layout_loops_cross,
          minmay_misc_feat_encased
D:2:      layout_rooms, serial_shops, shop, uniq_robin, uniq_jessica

Skill      XL: |  1  2 |
---------------+-------+-----
Axes           | 3 |  3.1
Fighting       | |  3.8
Armour         | |  0.3
Dodging        | |  2.6

Action                     || total
---------------------------++-------
  Melee: Hand axe          ||    48
    Use: Scroll            ||     4
 Armour: Robe              ||    15
         Chain mail        ||    22
  Dodge: Dodged            ||    29

Table legend: (Time is in decaauts)
 A = Elapsed time spent in this place.
 B = Non-inter-level travel time spent in this place.
 C = Inter-level travel time spent in this place.
 D = Time resting spent in this place.
 E = Time spent auto-exploring this place.
 F = Levels seen in this place.
 G = Mean time per level.
                   A        B        C        D        E       F      G
               +--------+--------+--------+--------+--------+-----+--------+
         Total |    788 |    737 |     51 |      0 |    607 |   2 |  394.0 |
       Dungeon |    788 |    737 |     51 |      0 |    607 |   2 |  394.0 |
               +--------+--------+--------+--------+--------+-----+--------+

Top non-repeatable levels by time:
     D:1: 735 daAuts
     D:2: 52 daAuts
